 Dungeon Crawl Stone Soup version 0.31.0 (webtiles) character file.

Game seed: 4257422519775837423

141001 SnakkuSnakku7 the Executioner (level 17, -1/137 HPs)
             Began as a Formicid Cinder Acolyte on Jan 19, 2024.
             Was a Believer of Ignis.
             Slain by a naga
             ... wielding a +0 halberd
              (13 damage)
             ... on level 2 of the Snake Pit on Jan 20, 2024.
             The game lasted 00:51:18 (29424 turns).

SnakkuSnakku7 the Executioner (FoCA)               Turns: 29424, Time: 00:51:18

Health: -1/137     AC: 23    Str: 33    XL:     17   Next: 93%
Magic:  18/18      EV: 16    Int: 14    God:    Ignis [**....]
Gold:   2115       SH:  9    Dex:  6    Spells: 18/18 levels left

rFire   . . .        a - +8 executioner's axe (heavy)
rCold   + + .        T - +0 kite shield
rNeg    . . .        u - +0 ice dragon scales
rPois   +            (helmet unavailable)
rElec   .            B - +2 cloak
rCorr   .            n - +2 pair of gloves
SInv    +            Q - +2 pair of boots
Will    +++..        K - amulet of Virtue {RegenMP Will++ Str+6 Dex-3} Stlth
                     D - ring of poison resistance
HPRegen 0.42/turn    R - +5 ring of evasion
MPRegen 0.56/turn

%: no passive effects
@: mighty, lethally poisoned (-1 -> -4)
A: permanent stasis, dig shafts and tunnels, antennae 3, four strong arms
a: Dig, Shaft Self, Renounce Religion, Fiery Armour, Foxfire Swarm


You were on level 2 of the Snake Pit.
You worshipped Ignis.
Ignis was pleased with you.
You visited 4 branches of the dungeon, and saw 24 of its levels.
You also visited: Bailey and Ice Cave.

You collected 3393 gold pieces.
You spent 1278 gold pieces at shops.

Inventory:

Hand Weapons
 a - a +8 heavy executioner's axe (weapon)
 b - a -1 hand axe of flaming
 k - a +4 heavy battleaxe
Armour
 n - a +2 pair of gloves (worn)
 u - +0 ice dragon scales (worn)
 y - a +0 plate armour
 B - a +2 cloak (worn)
 Q - a +2 pair of boots (worn)
 S - a +0 buckler of fire resistance
 T - a +0 kite shield (worn)
Jewellery
 f - an amulet of reflection
 D - a ring of poison resistance (left hand)
 G - a ring of protection from fire
 I - a +5 ring of evasion
 K - the amulet of Virtue (around neck) {RegenMP Will++ Str+6 Dex-3}
   (You found it on level 7 of the Dungeon)

   [amulet of magic regeneration]

   RegenMP:   It increases your rate of magic regeneration.
   Str+6:     It affects your strength (+6).
   Dex-3:     It affects your dexterity (-3).
   Will++:    It greatly increases your willpower.
 L - a +6 ring of strength
 O - a ring of protection from cold
 R - a +5 ring of evasion (right hand)
Wands
 m - a wand of acid (7)
 q - a wand of mindburst (10)
 x - a wand of flame (43)
 M - a wand of iceblast (7)
 P - a wand of charming (12)
Scrolls
 c - a scroll of summoning
 e - 6 scrolls of silence
 g - 5 scrolls of immolation
 h - 5 scrolls of poison
 o - a scroll of revelation
 p - 4 scrolls of fear
 s - 6 scrolls of identify
 t - 4 scrolls of vulnerability
 w - 6 scrolls of amnesia
 z - 4 scrolls of enchant armour
Potions
 d - 4 potions of lignification
 j - 13 potions of curing
 l - 2 potions of heal wounds
 r - 4 potions of mutation
 v - 2 potions of enlightenment
 A - 3 potions of invisibility
 C - a potion of cancellation
 F - 4 potions of magic
 N - 4 potions of attraction
Miscellaneous
 i - a lightning rod (3/4)
 E - a phial of floods
 J - a tin of tremorstones (inert)


   Skills:
 - Level 13.4 Fighting
 - Level 24.0 Axes
 - Level 10.0 Armour
 - Level 8.0 Dodging
 - Level 10.0 Shields
 - Level 1.1 Spellcasting
 - Level 3.0 Fire Magic
 + Level 0.2 Evocations


You had 18 spell levels left.
You didn't know any spells.
Your spell library contained the following spells:

 Spells                   Type           Power      Damage    Failure   Level
 Scorch                   Fire           18%        2d5       34%         2
 Apportation              Tloc           0%         N/A       61%         1
 Freeze                   Ice            0%         1d3       61%         1
 Magic Dart               Conj           0%         1d3       61%         1
 Necrotise                Necr           0%         1d4       61%         1
 Shock                    Conj/Air       0%         1d3       61%         1
 Sting                    Conj/Alch      0%         1d3       61%         1
 Summon Small Mammal      Summ           0%         N/A       61%         1
 Call Imp                 Summ           0%         N/A       75%         2
 Mercury Vapours          Alch/Air       0%         N/A       75%         2
 Searing Ray              Conj           0%         2d4       75%         2
 Static Discharge         Conj/Air       0%         3-3/arc   75%         2
 Sublimation of Blood     Necr           0%         N/A       75%         2
 Inner Flame              Hex/Fire       4%         N/A       77%         3
 Call Canine Familiar     Summ           0%         N/A       93%         3
 Frozen Ramparts          Ice            0%         1d1       93%         3
 Hailstorm                Conj/Ice       0%         3d5       93%         3
 Ozocubu's Armour         Ice            0%         N/A       93%         3
 Sigil of Binding         Hex            0%         N/A       93%         3
 Tukima's Dance           Hex            0%         N/A       93%         3
 Vampiric Draining        Necr           0%         2d6       93%         3
 Flame Wave               Conj/Fire      4%         2d5       99%         4
 Sticky Flame             Fire/Alch      4%         2d4       99%         4
 Airstrike                Air            0%         2d(0-16)  100%        4
 Animate Dead             Necr           0%         N/A       100%        4
 Dimensional Bullseye     Hex/Tloc       0%         N/A       100%        4
 Fulminant Prism          Conj/Alch      0%         3d5       100%        4
 Iskenderun's Mystic Bla  Conj/Tloc      0%         2d3       100%        4
 Martyr's Knell           Necr/Summ      0%         N/A       100%        4
 Olgreb's Toxic Radiance  Alch           0%         N/A       100%        4
 Passage of Golubria      Tloc           0%         N/A       100%        4
 Summon Lightning Spire   Summ/Air       0%         N/A       100%        4
 Curse of Agony           Necr           0%         N/A       100%        5
 Metabolic Englaciation   Hex/Ice        0%         N/A       100%        5
 Silence                  Hex/Air        0%         N/A       100%        5
 Sculpt Simulacrum        Ice/Alch       0%         N/A       100%        6
 Haunt                    Necr/Summ      0%         N/A       100%        7
 Summon Hydra             Summ           0%         N/A       100%        7
 Infestation              Necr           0%         N/A       100%        8
 Lehudib's Crystal Spear  Conj/Erth      0%         10d2      100%        8
 Swiftness                Air            Unusable   N/A       N/A         3

Dungeon Overview and Level Annotations

Branches:
Dungeon (15/15)            Temple (0/1) D:7            Lair (5/5) D:10
 Shoals (0/4) Lair:2        Snake (2/4) Lair:2          Orc (2/2) D:10
    Elf (0/3) Orc:2        Vaults (0/5) D:13         Depths (0/4) D:15
 Bailey (visited)           IceCv (visited)
  Slime: Lair:4-5

Altars:
Ashenzari
Elyvilon
Gozag
Kikubaaqudgha
Makhleb
Nemelex Xobeh
Ru
Uskayaw
Vehumet
Xom
Yredelemnul
The Shining One
Jiyva

Shops:
D:4 *   Orc:2 :[*(=   Snake:1 (!!

Annotations:
D:5 1 runed translucent door
D:13 6 runed translucent doors
Lair:5 exclusion: 2 oklob plants


Innate Abilities, Weirdness & Mutations

You cannot be hasted, slowed, berserked, paralysed or teleported.
You can dig through walls and to a lower floor.
You have a pair of large antennae on your head. (SInv)
Your four strong arms can wield two-handed weapons with a shield.


Message History

The naga mage casts a spell at the naga.
The naga's venom grows more potent.
The shock serpent bites you but does no damage.
Unknown command.
The tremorstone explodes into fragments!
The burst of rock shards engulfs the naga sharpshooter!!
The burst of rock shards engulfs the naga mage.
The burst of rock shards engulfs the naga!
You kill the naga!
The burst of rock shards engulfs the naga! x2
The tin is emptied!
You feel very sick.
You hear an angry hiss. x2; You hear a shout!
You hear an angry hiss.
The naga mage closely misses you.
The naga sharpshooter gestures wildly while chanting.
The naga sharpshooter magically shoots a bolt.
The bolt hits you!
The shock serpent bites you but does no damage.
You block the naga's attack.
The naga mage gestures at the naga while chanting.
The naga's venom grows more potent.
Unknown command.
Unknown command.
You feel much better.
You feel sick.
The shock serpent shoots out a bolt of lightning at you!
The bolt of electricity hits you!!
* * * LOW HITPOINT WARNING * * *
You block the naga mage's attack. The shock serpent barely misses you.
You block the naga's attack.
You feel very mighty all of a sudden.
You feel sick. You block the naga mage's attack.
The shock serpent shoots out a bolt of lightning at you!
The bolt of electricity hits you!!
* * * LOW HITPOINT WARNING * * *
You block the naga's attack. x2
The naga sharpshooter mumbles some strange words.
The naga sharpshooter magically shoots a bolt.
The bolt hits you but does no damage.
The naga hits you from afar with a +0 halberd!
You die...

..........# .# ##
..#.......####.##.##
..##......##.......#
............#......#
....##.....#.......##
..######.#..........####
.# #..#.........>.... #
....#.......NN.....
.#...#......@N...... #
##..##.....S.).....
#...##......N..... ....
##...........
##.......... ...........
##....##.##. #....# ..


You could see a naga sharpshooter (curare), a shock serpent, a naga mage (fast,
curare) and 2 nagas.

Vanquished Creatures
  A tengu reaver (D:15)
  2 orc warlords
  The ghost of occam the Fighter, a journeyman OnSh of Gozag (Lair:1)
  A fire dragon (D:15)
  A yaktaur captain (D:15)
  The ghost of OlivierBoivin the Warrior, a novice OnFE of Vehumet (D:9)
  5 hydras
  An ogre mage (D:13)
  An ice dragon (IceCv)
  A great orb of eyes (D:15)
  Fannar (D:10)
  8 centaur warriors
  2 catoblepae
  A death knight (D:15)
  A boulder beetle (D:13)
  6 two-headed ogres
  5 tengu warriors
  5 death yaks
  4 naga warriors
  4 orc high priests (Orc:2)
  Urug (Lair:1)
  A naga sharpshooter (Snake:2)
  A shock serpent (Snake:1)
  2 deep elf knights
  2 skysharks
  11 skeletal warriors
  A goliath frog (Lair:5)
  Amaemon (Lair:1)
  A salamander mystic (Snake:2)
  Lodul (D:12)
  6 mana vipers
  3 arcanists (D:13)
  A lindwurm (Lair:5)
  4 harpies
  A flayed ghost (D:15)
  3 orc sorcerers (Orc:2)
  5 orc knights
  A wolf spider (D:13)
  Pikel (D:4)
  8 ugly things
  An obsidian statue (D:14)
  5 deep elf pyromancers
  3 phantasmal warriors (D:15)
  8 cyclopes
  5 salamanders
  4 manticores
  6 meliai
  12 elephants
  3 naga magi
  2 ice statues (IceCv)
  12 black mambas
  A black mamba (shapeshifter) (D:14)
  A gargoyle (D:10)
  Joseph (D:8)
  4 centaur skeletons (D:13)
  An orange demon (Lair:1)
  7 rime drakes
  12 komodo dragons
  3 yaktaurs (D:13)
  21 cane toads
  A freezing wraith (D:15)
  Jeremiah (D:8)
  A yaktaur (shapeshifter) (D:15)
  2 kobold demonologists
  2 efreet (D:13)
  The ghost of Faeranduil the Apothecary, a novice OpAl of Gozag (D:5)
  5 polar bears
  6 tengu conjurers
  6 trolls
  A troll (shapeshifter) (D:13)
  A hornet (Lair:2)
  A tyrant leech (Lair:5)
  34 blink frogs
  7 dream sheep (Lair:5)
  A blink frog (shapeshifter) (D:13)
  A dream sheep (shapeshifter) (D:15)
  17 slime creatures
  A spriggan (shapeshifter) (D:15)
  3 vampires
  6 wyverns
  10 wraiths
  14 fire bats (Lair:3)
  39 yaks
  A spriggan (Lair:2)
  A shadow (D:11)
  12 basilisks
  2 wargs
  10 vampire mosquitoes
  A death yak simulacrum (D:13)
  5 steam dragons
  Menkaure (D:6)
  2 acid dragons
  A naga (shapeshifter) (D:15)
  17 nagas
  Edmund (D:4)
  17 water moccasins
  5 black bears
  A swamp drake (D:10)
  31 orc warriors
  5 ice beasts
  A sky beast (D:7)
  12 ogres
  A centaur (shapeshifter) (D:13)
  11 wolves
  A phantom (D:5)
  16 centaurs
  2 lemures (D:4)
  A weeping skull (D:5)
  2 kobold brigands
  21 bullfrogs
  3 two-headed ogre simulacra (D:13)
  4 wights (D:9)
  4 killer bees (D:11)
  A lindwurm simulacrum (IceCv)
  2 elephant simulacra (D:13)
  4 electric eels
  5 howler monkeys
  A centaur zombie (D:7)
  3 komodo dragon simulacra (IceCv)
  2 lava snakes
  17 orc priests
  2 bombardier beetles
  5 hounds
  3 jellies
  A sleepcap (D:6)
  7 iguanas
  26 orc wizards
  A spriggan simulacrum (D:13)
  A troll simulacrum (D:13)
  2 killer bee zombies (D:7)
  An ogre zombie (D:7)
  A mummy (D:7)
  2 gnolls
  12 adders
  A river rat (D:5)
  7 acid dragon simulacra (IceCv)
  2 white imps (D:7)
  9 ufetubi
  10 steam dragon simulacra (IceCv)
  2 ribbon worms
  3 dart slugs
  70 orcs
  4 ball pythons
  7 bats
  9 endoplasms
  10 hobgoblins
  4 jackals
  26 kobolds
  8 quokkas
  4 frilled lizards
  14 goblins
  4 rats
  A spectral orc (D:5)
866 creatures vanquished.

Vanquished Creatures (others)
  35 foxfires
35 creatures vanquished.

Grand Total: 901 creatures vanquished

Notes
Turn   | Place    | Note
-------+----------+-------------------------------------------
     0 | D:1      | SnakkuSnakku7 the Formicid Cinder Acolyte began the quest
                  | for the Orb.
     0 | D:1      | Reached XP level 1. HP: 18/18 MP: 2/2
   158 | D:1      | Reached XP level 2. HP: 24/24 MP: 3/3
   543 | D:1      | Reached skill level 4 in Axes
   543 | D:1      | Reached XP level 3. HP: 29/29 MP: 4/4
  1208 | D:2      | Reached XP level 4. HP: 33/34 MP: 5/5
  1357 | D:2      | Found an opulent altar of Gozag.
  1599 | D:2      | Reached skill level 5 in Axes
  2097 | D:3      | Reached XP level 5. HP: 41/41 MP: 6/6
  2301 | D:3      | Found a sacrificial altar of Ru.
  2455 | D:4      | Found a hide-covered altar of Uskayaw.
  2522 | D:4      | Found Weochoge's Assorted Antiques.
  2549 | D:4      | Reached skill level 6 in Axes
  2561 | D:4      | Bought a scroll labelled DISHRE OHUNTISM for 17 gold pieces
  2561 | D:4      | Bought a bubbling purple potion for 15 gold pieces
  2561 | D:4      | Bought a scroll labelled GYRAZO VUPT for 17 gold pieces
  2561 | D:4      | Bought a scroll labelled XOPLI BOETUTSICI for 17 gold
                  | pieces
  2561 | D:4      | Bought 3 scrolls labelled FALE VAADGHIASHI for 51 gold
                  | pieces
  2692 | D:4      | Noticed Edmund
  2695 | D:4      | Found a burning altar of Makhleb.
  2705 | D:4      | Killed Edmund
  2706 | D:4      | Reached XP level 6. HP: 25/47 MP: 7/7
  2802 | D:4      | Reached skill level 7 in Axes
  3006 | D:4      | Reached XP level 7. HP: 23/52 MP: 8/8
  3169 | D:4      | Found a sparkling altar of Nemelex Xobeh.
  3213 | D:5      | Entered Level 5 of the Dungeon
  3286 | D:5      | Reached skill level 8 in Axes
  3311 | D:5      | Found a runed translucent door.
  3313 | D:5      | Noticed Faeranduil's ghost (novice OpAl)
  3357 | D:5      | Noticed Pikel
  3369 | D:5      | Found a runed translucent door.
  3695 | D:4      | Killed Pikel
  3696 | D:4      | Reached skill level 9 in Axes
  3696 | D:4      | Reached XP level 8. HP: 31/58 MP: 9/9
  3799 | D:5      | Reached skill level 10 in Axes
  4103 | D:5      | Found a basalt altar of Yredelemnul.
  4115 | D:5      | Reached XP level 9. HP: 59/64 MP: 10/10
  4138 | D:5      | Reached skill level 11 in Axes
  5089 | D:6      | Noticed Menkaure
  5095 | D:6      | Killed Menkaure
  5125 | D:6      | Identified the +11 hand axe of Vontal {protect, rPois Int+3
                  | Dex+4 SInv}
  5174 | D:5      | Killed Faeranduil's ghost
  5175 | D:5      | Reached skill level 12 in Axes
  5431 | D:6      | Reached skill level 13 in Axes
  5847 | D:6      | Found a glowing golden altar of the Shining One.
  6105 | D:7      | Reached XP level 10. HP: 67/70 MP: 11/11
  6222 | D:7      | Found a flagged portal.
  6232 | Bailey   | Entered a bailey
  6237 | Bailey   | Noticed an orc warlord
  6256 | Bailey   | Noticed an orc knight
  6292 | Bailey   | Killed an orc knight
  6293 | Bailey   | Reached skill level 14 in Axes
  6390 | Bailey   | Reached skill level 5 in Fighting
  6446 | Bailey   | Found a runed translucent gate.
  6448 | Bailey   | Found a runed translucent gate.
  6449 | Bailey   | Found a runed translucent gate.
  6532 | Bailey   | Killed an orc warlord
  6684 | D:7      | Reached XP level 11. HP: 53/87 MP: 12/12
  6685 | D:7      | Identified the ring of Elyvilon's Hope {Wiz Str+2}
  6861 | D:7      | Identified the ring of Otsuatzo {Ice rPois}
  6869 | D:7      | Identified the amulet "Sainiki" {RegenMP MP+9 Str+3}
  6872 | D:7      | Identified the amulet of Virtue {RegenMP Will++ Str+6
                  | Dex-3}
  6892 | D:7      | Noticed a two-headed ogre
  6950 | D:7      | Killed a two-headed ogre
  6951 | D:7      | Reached skill level 10 in Fighting
  7049 | D:7      | Found a staircase to the Ecumenical Temple.
  7192 | D:7      | Noticed a two-headed ogre
  7214 | D:7      | Killed a two-headed ogre
  7215 | D:7      | Reached skill level 5 in Armour
  7697 | D:8      | Noticed Joseph
  7837 | D:8      | Killed Joseph
  7883 | D:8      | Noticed Jeremiah
  7938 | D:8      | Killed Jeremiah
  8009 | D:8      | Found a radiant altar of Vehumet.
  8273 | D:9      | Found an opulent altar of Gozag.
  8580 | D:9      | Found a runed translucent door.
  8581 | D:9      | Noticed OlivierBoivin's ghost (novice OnFE)
  8622 | D:9      | Noticed a centaur warrior
  8622 | D:9      | Noticed a cyclops
  8622 | D:9      | Noticed a manticore
  8622 | D:9      | Noticed a centaur warrior
  8628 | D:9      | Noticed a manticore
  8960 | D:9      | Killed a centaur warrior
  8961 | D:9      | Reached skill level 15 in Axes
  8961 | D:9      | Reached XP level 12. HP: 64/97 MP: 13/13
  9155 | D:9      | Killed a centaur warrior
  9329 | D:9      | Reached skill level 16 in Axes
  9524 | D:10     | Entered Level 10 of the Dungeon
  9532 | D:10     | Found a shimmering altar of Xom.
  9534 | D:10     | Found a shimmering altar of Xom.
  9535 | D:10     | Found a shimmering altar of Xom.
  9566 | D:10     | Found a staircase to the Orcish Mines.
  9765 | D:10     | Found a staircase to the Lair.
 10061 | D:10     | Noticed Fannar
 10088 | D:10     | Killed Fannar
 10321 | D:10     | Found a broken altar of Ashenzari.
 10321 | D:10     | Found an ancient bone altar of Kikubaaqudgha.
 10430 | Lair:1   | Entered Level 1 of the Lair of Beasts
 10477 | Lair:1   | Noticed a catoblepas
 10482 | Lair:1   | Killed a catoblepas
 10519 | Lair:1   | Noticed Amaemon
 10620 | Lair:1   | Killed Amaemon
 10621 | Lair:1   | Reached skill level 17 in Axes
 11186 | Lair:1   | Reached XP level 13. HP: 103/103 MP: 14/14
 11193 | Lair:1   | Noticed Urug
 11249 | Lair:2   | Noticed a catoblepas
 11257 | Lair:2   | Killed a catoblepas
 11550 | Lair:2   | Reached skill level 18 in Axes
 11998 | Lair:2   | Found a staircase to the Snake Pit.
 12312 | Lair:2   | Found a staircase to the Shoals.
 12454 | Lair:2   | Reached skill level 19 in Axes
 13571 | Lair:1   | Killed Urug
 13911 | Lair:1   | Found a runed translucent door.
 13914 | Lair:1   | Noticed occam's ghost (journeyman OnSh)
 14056 | Lair:1   | Killed occam's ghost
 14132 | Lair:3   | Reached skill level 20 in Axes
 14189 | Lair:3   | Reached XP level 14. HP: 27/110 MP: 15/15
 14999 | Lair:3   | Acquired a +2 heavy executioner's axe
 15245 | Lair:3   | Reached skill level 10 in Armour
 15513 | Lair:4   | Reached skill level 1 in Dodging
 16103 | Lair:4   | Reached skill level 5 in Dodging
 16811 | Lair:5   | Entered Level 5 of the Lair of Beasts
 17323 | Lair:5   | Reached XP level 15. HP: 95/115 MP: 16/16
 18439 | Lair:5   | Found a viscous altar of Jiyva.
 18555 | Lair:5   | Identified the +10 scimitar of Annihilation {venom, Str+3
                  | Int+3}
 18561 | Lair:5   | Identified the +6 morningstar "Niakyt" {heavy, rPois rC+
                  | rCorr}
 18745 | Lair:5   | Reached skill level 21 in Axes
 20111 | D:12     | Noticed Lodul
 20118 | D:12     | Killed Lodul
 21064 | Orc:1    | Entered Level 1 of the Orcish Mines
 21807 | Orc:2    | Entered Level 2 of the Orcish Mines
 21807 | Orc:2    | Found Paklareh's Book Shoppe.
 21897 | Orc:2    | Found a staircase to the Elven Halls.
 21906 | Orc:2    | Reached skill level 22 in Axes
 22092 | Orc:2    | Noticed an orc warlord
 22102 | Orc:2    | Killed an orc warlord
 22103 | Orc:2    | Reached XP level 16. HP: 111/120 MP: 17/17
 22359 | Orc:2    | Found Hyorph's Antique Armour Boutique.
 22360 | Orc:2    | Found Eskamuf's Antique Weapon Boutique.
 22364 | Orc:2    | Found Cotuses's General Store.
 22364 | Orc:2    | Found Ythrat's Jewellery Shop.
 22381 | Orc:2    | Bought a scroll of enchant weapon for 97 gold pieces
 22381 | Orc:2    | Bought a scroll of identify for 26 gold pieces
 22382 | Orc:2    | Bought a +5 ring of evasion for 540 gold pieces
 22982 | D:13     | Found a frozen archway.
 23010 | IceCv    | Entered an ice cave
 23671 | D:13     | Reached skill level 23 in Axes
 23972 | D:13     | Found a gate to the Vaults.
 24078 | D:13     | Found a burning altar of Makhleb.
 24708 | D:13     | Found a runed translucent gate.
 24708 | D:13     | Found a runed translucent gate.
 24708 | D:13     | Found a runed translucent gate.
 24723 | D:13     | Noticed a storm dragon
 24724 | D:13     | Found a runed translucent gate.
 24724 | D:13     | Found a runed translucent gate.
 24724 | D:13     | Found a runed translucent gate.
 24724 | D:13     | Identified the +5 short sword of the Dwarven Hall {flame,
                  | rCorr Int+6 Dex-5}
 25249 | D:14     | Found a runed translucent door.
 25397 | D:14     | Reached skill level 24 in Axes
 25648 | D:14     | Found a runed translucent door.
 25958 | D:14     | Found a runed translucent door.
 25960 | D:14     | Reached XP level 17. HP: 101/129 MP: 18/18
 25992 | D:14     | Found a runed translucent door.
 26287 | D:14     | Identified the +10 shortbow "Bixu Mev" {elec, *Corrode rF+
                  | Dex+4}
 26501 | D:15     | Entered Level 15 of the Dungeon
 26542 | D:15     | Noticed a tengu reaver
 26880 | D:15     | Killed a tengu reaver
 27441 | D:15     | Reached skill level 1 in Shields
 27545 | D:15     | Found a staircase to the Depths.
 27597 | D:15     | Reached skill level 5 in Shields
 27683 | D:15     | Found a white marble altar of Elyvilon.
 28008 | D:9      | Killed OlivierBoivin's ghost
 28203 | Snake:1  | Entered Level 1 of the Snake Pit
 28233 | Snake:1  | Found Burif's Distillery.
 28253 | Snake:1  | Bought a potion of might for 56 gold pieces
 28253 | Snake:1  | Bought a potion of curing for 42 gold pieces
 28253 | Snake:1  | Bought a potion of curing for 42 gold pieces
 28253 | Snake:1  | Bought a potion of curing for 42 gold pieces
 28253 | Snake:1  | Bought 2 potions of heal wounds for 140 gold pieces
 28255 | Snake:1  | Found Wyd Bes's Distillery.
 28259 | Snake:1  | Bought a potion of heal wounds for 55 gold pieces
 28259 | Snake:1  | Bought a potion of curing for 33 gold pieces
 28259 | Snake:1  | Bought a potion of heal wounds for 55 gold pieces
 28259 | Snake:1  | Bought a potion of curing for 33 gold pieces
 28311 | Snake:1  | HP: 4/136 [mana viper (10)]
 29041 | Snake:1  | Found Pirphe's Weapon Emporium.
 29089 | Snake:2  | Reached skill level 10 in Shields
 29424 | Snake:2  | Slain by a naga

Illustrated notes

Levels and vault maps discovered:
D:1:      dpeg_arrival_water_fire, layout_basic, glass_columns_b,
          corexii_leaking_fountain, minmay_pentomino_u4
D:2:      layout_basic, basic_altar, st_stairs_3, kennysheep_doodads
D:3:      layout_loops_ring, mainiacjoe_overflow_alcove_4
D:4:      minmay_chambers_of_threes, layout_rooms, nemelex_spade_bored_becter,
          kennysheep_mini, overflow_temple_1_default, serial_shops, shop,
          uniq_edmund
D:5:      layout_loops_ring, yredelemnul_forgotten_temple_becter,
          ebering_ghost_sewer_f, hangedman_decor_growths, st_stairs_2,
          serial_library_hellmonk_filled_rooms, kennysheep_generic_room_4,
          uniq_pikel
D:6:      layout_basic, marbit_many_paths, grunt_ministairs_12, uniq_menkaure
D:7:      minmay_the_grid_triangle_9x9_recursive_2
          [minmay_the_grid_triangle_9x9_prize_special,
          minmay_the_grid_triangle_9x9_cache,
          minmay_the_grid_triangle_9x9_alien,
          minmay_the_grid_triangle_9x9_from_above], layout_basic,
          minmay_temple_entry_fiery, enter_bailey_3, minmay_mini_ossuary
D:8:      layout_rooms, vehumet_altar_wand_db, uniq_jeremiah, uniq_joseph
D:9:      layout_irregular_city, nicolae_gozag_cash_rules_everything_around_me,
          ebering_ghost_reflecting_pool, minivault_28
D:10:     nicolae_hitomezashi [nicolae_hito_row, nicolae_hito_row,
          nicolae_hito_row, nicolae_hito_row, nicolae_hito_row,
          nicolae_hito_row, nicolae_hito_row, nicolae_hito_row,
          nicolae_hito_row, nicolae_hito_row, nicolae_hito_row,
          nicolae_hito_row, nicolae_hito_row, nicolae_hito_row,
          nicolae_hito_row, nicolae_hito_row, nicolae_hito_row,
          nicolae_hito_row], layout_cave_pools, xom_redecorated,
          nicolae_overflow_two_pavilions, erik_lair_dragon, uniq_fannar
D:11:     layout_loops_ring
D:12:     layout_rooms, serial_glass, glass_columns_c, glass_columns_a,
          drop_trap, uniq_lodul
D:13:     kennysheep_treasure_stockpile, layout_grid_maze,
          hangedman_vaults_entry_quadrant_bands,
          portal_ice_cave_entry_ice_simulacra, makhleb_altar_promises_db
D:14:     layout_irregular_city, chequers_serial_rivers_micro_c,
          minmay_statue_crystal_thing
D:15:     hangedman_depths_entry_try_elsewhere_first, layout_loops_cross,
          nicolae_elyvilon_temple_path, minmay_checkered_concentric_circles
Lair:1:   layout_gridlike, ebering_ghost_reflecting_pool, beast_lair_carwin_2,
          infiniplex_staircase_pool_2, uniq_amaemon, uniq_urug
Lair:2:   beast_lair_carwin_large_2, layout_layer_cave,
          nicolae_shoals_entry_roost, dummy_snake_entry,
          grunt_forest_large_clearings
Lair:3:   layout_chaotic_city
Lair:4:   layout_regular_city, kennysheep_basilisk_garden, serial_bayou_shore_b,
          grunt_megastairs_2, serial_bayou_shore_b
Lair:5:   minmay_lair_end_frog_pond, layout_loops_ring,
          minmay_slime_entry_oklob_enclosed, minivault_24
Snake:1:  layout_basic, serial_shops, nicolae_shop_bloodbath_and_beyond,
          drop_trap, minmay_shoptagon
Snake:2:  layout_chambers, grunt_megastairs_3, uniq_aizul, uniq_donald
Orc:1:    layout_diamond_mine
Orc:2:    st_orc_congregation, layout_diamond_mine, serial_shops, shop

Skill      XL: |  1  2  3  4  5  6  7  8  9 10 11 12 13 14 15 16 17 |
---------------+----------------------------------------------------+-----
Axes           | 4 5 6 7 9 10 13 14 15 17 20 22 24 | 24.0
Fighting       | 8 10 13 | 13.4
Armour         | 6 7 10 | 10.0
Dodging        | 7 8 |  8.0
Shields        | 10 | 10.0
Spellcasting   | |  1.1
Fire Magic     | |  3.0
Evocations     | |  0.2

Action                     |  1- 3 |  4- 6 |  7- 9 | 10-12 | 13-15 | 16-18 || total
---------------------------+-------+-------+-------+-------+-------+-------++-------
  Melee: Hand axe          |    29 |       |    58 |   453 |    32 |    18 ||   590
         War axe           |    52 |   165 |   177 |       |       |       ||   394
         Punch             |       |     3 |     3 |     8 |     8 |       ||    22
         Battleaxe         |       |       |       |    40 |   197 |       ||   237
         Executioner's axe |       |       |       |       |   441 |   484 ||   925
 Invoke: Fiery Armour      |       |     1 |       |     3 |     1 |       ||     5
         Foxfire Swarm     |       |       |     1 |     1 |       |       ||     2
         Rising Flame      |       |       |       |     1 |       |       ||     1
Ability: Dig               |     3 |       |       |     2 |     3 |     3 ||    11
  Evoke: Wand              |       |       |     6 |       |     4 |       ||    10
         Phial of floods   |       |       |       |     1 |     1 |       ||     2
         Lightning rod     |       |       |       |       |       |     6 ||     6
         Tin of tremorston |       |       |       |       |       |     2 ||     2
    Use: Scroll            |       |       |    13 |    11 |    16 |     5 ||    45
         Potion            |       |       |       |     7 |     6 |     7 ||    20
   Stab: Invisible         |       |       |       |    16 |     1 |       ||    17
 Armour: Robe              |    31 |       |       |       |       |       ||    31
         Scale mail        |    29 |    34 |       |       |       |       ||    63
         Chain mail        |       |    84 |   217 |    36 |       |       ||   337
         Plate armour      |       |       |       |   338 |   745 |   104 ||  1187
         Skin              |       |       |       |       |    14 |       ||    14
         Ice dragon scales |       |       |       |       |       |   369 ||   369
  Dodge: Dodged            |    40 |    78 |    77 |   154 |   377 |   406 ||  1132
  Block: Kite shield       |       |       |       |       |       |    34 ||    34
         Buckler           |       |       |       |       |       |    16 ||    16
